 Dungeon Crawl Stone Soup version 0.29.1-12-g30fa7ad0bf (webtiles) character file.

Game seed: 7130895663861985765

536 soggyman666 the Magician (level 7, -2/47 HPs)
             Began as a Djinni Fire Elementalist on Dec 25, 2022.
             Slain by a crimson imp
             ... wielding a +2 dagger of chaos
              (3 damage)
             ... on level 4 of the Dungeon.
             The game lasted 00:09:26 (4273 turns).

soggyman666 the Magician (Djinni Fire Elementalist) Turns: 4273, Time: 00:09:26

Health: -2/47      AC:  4    Str:  7    XL:     7   Next: 50%
Gold:   100        EV: 16    Int: 19    God:
                   SH:  0    Dex: 13

rFire   + + .      SeeInvis +   g - staff of poison
rCold   x . .      Faith    .   (no shield)
rNeg    . . .      Spirit   .   a - +0 robe
rPois   ∞          Reflect  .   (no helmet)
rElec   .          Harm     .   d - +0 cloak
rCorr   .          Rampage  .   q - +0 pair of gloves
Will    .....                   (boots unavailable)
Stlth   ++........              (no amulet)
HPRegen 0.15/turn               h - ring of see invisible
MPRegen 0.00/turn               o - +4 ring of evasion

@: flying
A: sickness immunity, fire resistance 2, cold vulnerability 1, float, innate
caster, HP casting, extra vitality 1
a: no special abilities


You were on level 4 of the Dungeon.
You visited 1 branch of the dungeon, and saw 4 of its levels.

You collected 100 gold pieces.

Inventory:

Missiles
 t - a throwing net
Armour
 a - a +0 robe (worn)
 d - a +0 cloak (worn)
 q - a +0 pair of gloves (worn)
Magical Staves
 g - a staff of poison (weapon)
Jewellery
 h - a ring of see invisible (left hand)
 o - a +4 ring of evasion (right hand)
Wands
 v - a wand of iceblast (5)
Scrolls
 b - 2 scrolls of brand weapon
 e - 2 scrolls of teleportation
 i - a scroll of vulnerability {unknown}
 m - a scroll of blinking {unknown}
 r - a scroll of enchant armour {unknown}
Potions
 c - a potion of brilliance
 f - a potion of curing
 j - a potion of attraction {unknown}
 k - a potion of magic {unknown}
 l - a potion of mutation {unknown}
 n - a potion of degeneration {unknown}
 s - a potion of might {unknown}
 u - a potion of flight {unknown}


   Skills:
 - Level 1.0 Fighting
 + Level 2.7 Dodging
 + Level 2.4 Stealth
 + Level 5.8 Spellcasting


You couldn't memorise any spells.
You knew the following spells:

 Your Spells              Type           Power      Damage    Failure   Level
a - Foxfire               Conj/Fire      100%       2x1d9     1%          1
b - Scorch                Fire           54%        2d8       1%          2
c - Conjure Flame         Conj/Fire      27%        6-21      3%          3
d - Inner Flame           Hex/Fire       27%        N/A       3%          3
e - Flame Wave            Conj/Fire      27%        2d9       11%         4
f - Necrotise             Necr           100%       1d9       1%          1
g - Wereblood             Tmut           27%        N/A       1%          2
h - Blink                 Tloc           54%        N/A       1%          2
Your spell library was empty.

Dungeon Overview and Level Annotations

Branches:
Dungeon (4/15)
 Temple: D:4-7

Altars:
Makhleb
Xom

Shops:
D:1 !=(


Innate Abilities, Weirdness & Mutations

You are immune to sickness and miasma.
You are immune to poison.
Your flesh is very heat resistant. (rF++)
You are vulnerable to cold. (rC-)
You float through the air rather than walking.
You learn spells naturally, not from books.
Your magical power is your life essence.
You have superior vitality. (+4 MHP)


Message History

You hit the crimson imp.
Flame seeps out of the crimson imp.
The crimson imp is moderately wounded.
The crimson imp blinks!
Really fly into that cloud of flame? [Y]es or [N]o only, please.
Really fly into that cloud of flame?
Okay, then.
Your foxfire dissipates!
There is an open door here.
You start resting.
A crimson imp is nearby!
Casting: Foxfire (safe; 1% risk of failure)
Confirm with . or Enter, or press ? or * to list all spells.
You can't see any susceptible monsters within range! (Use Z to cast anyway.) Unknown command.
The crimson imp hits you with a +2 dagger of chaos.
There is an open door here.
You hit the crimson imp but do no damage.
Your punch misses the crimson imp.
The crimson imp grins evilly.
The crimson imp blinks!
The crimson imp blinks!
There is an open door here.
You completely miss the crimson imp.
The crimson imp hits you with a +2 dagger of chaos.
Space warps horribly around you!
* * * LOW HITPOINT WARNING * * *
You hit the crimson imp but do no damage.
The crimson imp hits you with a +2 dagger of chaos.
* * * LOW HITPOINT WARNING * * *
The crimson imp barely misses you.
You hit the crimson imp but do no damage.
The crimson imp shouts, "Take thy face hence, thou mammering beef-witted malt-worm!"
The crimson imp hits you but does no damage.
You completely miss the crimson imp. The crimson imp closely misses you.
You hit the crimson imp.
Flame seeps out of the crimson imp.
The crimson imp is moderately wounded.
The crimson imp's inner flame fades away.
The crimson imp hits you with a +2 dagger of chaos.
You die...

. . # ####
##########
...####........#####
##.#.....####.##.._#
##.#.)...# #..5@..#
!........# ####.._#
##.#....[# #####
#.#.....# ..#######
####


You could see a crimson imp.

Vanquished Creatures
  Sigmund (D:2)
  Edmund (D:4)
  Jessica (D:2)
  Terence (D:3)
  Natasha (thrice) (D:2)
  5 adders
  3 gnolls (D:3)
  A worm (D:2)
  A dart slug (D:2)
  An orc (D:3)
  5 bats
  2 endoplasms
  2 giant cockroaches (D:1)
  7 goblins
  4 hobgoblins
  6 kobolds
  2 quokkas (D:2)
  7 ball pythons
  3 frilled lizards
  4 rats
60 creatures vanquished.

Vanquished Creatures (others)
  181 foxfires
181 creatures vanquished.

Grand Total: 241 creatures vanquished

Notes
Turn   | Place    | Note
-------+----------+-------------------------------------------
     0 | D:1      | soggyman666 the Djinni Fire Elementalist began the quest
                  | for the Orb.
     0 | D:1      | soggyman666 set off with the following spells memorised:
                  | Foxfire, Scorch, Conjure Flame, Inner Flame, Flame Wave.
     0 | D:1      | Reached XP level 1. HP: 15/15 MP: 0/0
    29 | D:1      | Found Uraqud's Distillery.
   446 | D:1      | Reached XP level 2. HP: 15/21 MP: 0/0
   886 | D:1      | Reached skill level 3 in Spellcasting
   915 | D:1      | Reached XP level 3. HP: 23/25 MP: 0/0
   915 | D:1      | Learned a level 1 spell: Necrotise
   957 | D:1      | Found Urhurom's Antique Weapon Emporium.
  1155 | D:1      | Found Ugeeg's Jewellery Emporium.
  1567 | D:2      | Noticed Jessica
  1582 | D:2      | Killed Jessica
  1583 | D:2      | Reached XP level 4. HP: 16/31 MP: 0/0
  1789 | D:2      | Noticed Natasha
  1794 | D:2      | Killed Natasha
  1966 | D:2      | Noticed Sigmund
  1969 | D:2      | Killed Sigmund
  1970 | D:2      | Reached skill level 4 in Spellcasting
  1970 | D:2      | Reached XP level 5. HP: 24/35 MP: 0/0
  1970 | D:2      | Learned a level 2 spell: Wereblood
  1970 | D:2      | Reached XP level 6. HP: 28/40 MP: 0/0
  2459 | D:2      | Noticed Natasha
  2463 | D:2      | Killed Natasha
  2464 | D:2      | Reached skill level 5 in Spellcasting
  2486 | D:2      | Noticed Natasha
  2492 | D:2      | Killed Natasha
  2493 | D:2      | Reached skill level 1 in Fighting
  3111 | D:3      | Noticed Terence
  3115 | D:3      | Killed Terence
  3314 | D:3      | Reached XP level 7. HP: 44/47 MP: 0/0
  3314 | D:3      | Learned a level 2 spell: Blink
  3592 | D:3      | Found a faded altar of an unknown god.
  3994 | D:4      | Noticed Edmund
  4004 | D:4      | Killed Edmund
  4245 | D:4      | Found a burning altar of Makhleb.
  4245 | D:4      | Found a shimmering altar of Xom.
  4269 | D:4      | HP: 1/47 [crimson imp/+2 dagger of chaos (17)]
  4273 | D:4      | Slain by a crimson imp

Illustrated notes

Levels and vault maps discovered:
D:1:      tarquinn_simple_flora_water_f, layout_loops_ring, serial_shops, shop,
          shop, shop_statue, minmay_misc_feat_hallway, minmay_tiny_reverse_x
D:2:      layout_loops_corners, uniq_natasha, uniq_jessica, uniq_sigmund
D:3:      layout_loops_cross, nicolae_ecumenical_oubliette, chequers_garden,
          corexii_corridor_pit, skrybe_limestone_x, uniq_terence
D:4:      layout_loops_cross, grunt_temple_overflow_champion_of_chaos,
          grunt_temple_overflow_holy_war, temple_fountains, uniq_edmund

Skill      XL: |  1  2  3  4  5  6 |
---------------+-------------------+-----
Spellcasting   | 3 4 5 |  5.8
Stealth        | 2 |  2.4
Fighting       | 1 |  1.0
Dodging        | |  2.7

Action                   |  1- 3 |  4- 6 |  7- 9 || total
-------------------------+-------+-------+-------++-------
Melee: Staff             |       |       |     8 ||     8
 Cast: Foxfire           |    58 |    33 |    23 ||   114
       Scorch            |     5 |    19 |    11 ||    35
       Inner Flame       |       |     2 |     4 ||     6
       Necrotise         |       |     1 |       ||     1
       Wereblood         |       |     1 |       ||     1
       Blink             |       |       |     1 ||     1
  Use: Scroll            |       |     4 |     3 ||     7
Armor: Robe              |       |     1 |     1 ||     2
Dodge: Dodged            |       |     8 |     6 ||    14
